 Dungeon Crawl Stone Soup version 0.32-a0-163-g159c032296 (webtiles) character file.

Game seed: 15309681885347031013

58 BubbleThief the Chopper (level 4, -1/41 HPs)
             Began as a Hill Orc Fighter on Feb 11, 2024.
             Slain by Natasha (7 damage)
             ... on level 2 of the Dungeon.
             The game lasted 00:01:05 (1067 turns).

BubbleThief the Chopper (Hill Orc Fighter)          Turns: 1067, Time: 00:01:05

Health: -1/41      AC:  6    Str: 20    XL:     4   Next: 2%
Magic:  4/4        EV:  9    Int:  8    God:
Gold:   43         SH:  4    Dex: 10    Spells: 3/3 levels left

rFire   . . .        a - +0 war axe
rCold   . . .        c - +0 buckler
rNeg    . . .        b - +0 scale mail
rPois   .            (no helmet)
rElec   .            (no cloak)
rCorr   +            (no gloves)
SInv    .            (no boots)
Will    .....        (no amulet) Stlth
                     f - ring of resist corrosion
HPRegen 0.26/turn    (no ring)
MPRegen 0.09/turn

%: no passive effects
@: no status effects
A: no striking features
a: no special abilities


You were on level 2 of the Dungeon.
You visited 1 branch of the dungeon, and saw 2 of its levels.

You collected 43 gold pieces.

Inventory:

Hand Weapons
 a - a +0 war axe (weapon)
Armour
 b - a +0 scale mail (worn)
 c - a +0 buckler (worn)
Jewellery
 f - a ring of resist corrosion (left hand)
Scrolls
 e - 3 scrolls of teleportation {unknown}
 g - 2 scrolls of identify {unknown}
 h - a scroll of fog {unknown}
Potions
 d - a potion of might
 i - 2 potions of invisibility {unknown}
 j - a potion of lignification {unknown}


   Skills:
 + Level 4.4 Fighting
 * Level 4.7 Axes
 - Level 3.2 Armour
 - Level 3.2 Shields


You had 3 spell levels left.
You didn't know any spells.
Your spell library was empty.

Dungeon Overview and Level Annotations

Branches:
Dungeon (2/15)

Altars:

Annotations:
D:2 Natasha


Message History

Natasha claws you but does no damage.
You closely miss Natasha. Natasha barely misses you.
You block Natasha's attack.
You closely miss Natasha.
Natasha wildly gestures.
Natasha glows brightly for a moment.
Natasha claws you. x2
You miss Natasha. Natasha claws you.
Natasha casts a spell.
You closely miss Natasha. Natasha claws you! Natasha barely misses you.
The cerulean imp hits you from afar with a +0 spear.
* * * LOW HITPOINT WARNING * * *
Unknown command.
You closely miss Natasha. Natasha barely misses you.
The cerulean imp hits you from afar with a +0 spear.
* * * LOW HITPOINT WARNING * * *
You block Natasha's attack.
The cerulean imp hits you but does no damage.
Unknown command.
You closely miss Natasha. Natasha claws you.
* * * LOW HITPOINT WARNING * * *
You block the cerulean imp's attack. Natasha claws you but does no damage.
You block the cerulean imp's attack.
You closely miss Natasha.
You feel yourself speed up. Natasha claws you but does no damage.
The cerulean imp hits you from afar with a +0 spear.
* * * LOW HITPOINT WARNING * * *
Natasha barely misses you.
The cerulean imp hits you but does no damage.
Unknown command.
You hit Natasha.
Natasha is moderately wounded.
Natasha closely misses you.
The cerulean imp hits you from afar with a +0 spear.
* * * LOW HITPOINT WARNING * * *
Natasha extends her claws.
Natasha claws you!
You die...
Natasha curls up and begins to purr.

........ ......#.
##....... .....#.
.....#.# ###.....
#......# ........
..##.#..#.# #...#.
..........♣ ♣P ♣#.....
..h....5..♣P. ♣..<...
.....##h..♣.P ♣ ♣#...#.
##. ###@..♣P♣ PP♣#...#.
.##......♣♣ ♣.......
#..........♣♣♣♣###..##.
.........................
###.#####..#..........###
# #..)..........#
###.##.########.###
....................
.....##.########.###


You could see Natasha and a cerulean imp (summoned).

Vanquished Creatures
  Terence (D:2)
  2 dart slugs (D:1)
  5 endoplasms (D:1)
  5 giant cockroaches (D:1)
  2 goblins
  A hobgoblin (D:1)
  A quokka (D:1)
  2 ball pythons (D:1)
  A bat (D:1)
  4 kobolds (D:1)
  3 rats (D:1)
27 creatures vanquished.

Notes
Turn   | Place    | Note
-------+----------+-------------------------------------------
     0 | D:1      | BubbleThief the Hill Orc Fighter began the quest for the
                  | Orb.
     0 | D:1      | Reached XP level 1. HP: 19/19 MP: 1/1
   157 | D:1      | Reached XP level 2. HP: 26/27 MP: 2/2
   425 | D:1      | Reached XP level 3. HP: 30/33 MP: 3/3
   866 | D:2      | Noticed Terence
   875 | D:2      | Killed Terence
   876 | D:2      | Reached XP level 4. HP: 32/41 MP: 4/4
  1053 | D:2      | Noticed Natasha
  1067 | D:2      | Slain by Natasha

Illustrated notes

Levels and vault maps discovered:
D:1:      heliophobic_arrival_glass_houses, layout_basic,
          minmay_misc_feat_pillars
D:2:      layout_basic, serial_forest, infiniplex_forest_lined_3,
          infiniplex_forest_straight_4, infiniplex_forest_zigzag_2,
          infiniplex_forest_end_2, infiniplex_forest_lined_4_way, uniq_natasha,
          uniq_jessica, uniq_terence

Skill      XL: |  1  2 |
---------------+-------+-----
Axes           | 3 4 |  4.7
Fighting       | 4 |  4.4
Armour         | |  3.2
Shields        | |  3.2

Action                     |  1- 3 |  4- 6 || total
---------------------------+-------+-------++-------
  Melee: War axe           |    55 |    12 ||    67
 Armour: Scale mail        |    34 |    19 ||    53
  Dodge: Dodged            |    26 |     6 ||    32
  Block: Buckler           |     7 |     4 ||    11

Table legend: (Time is in decaauts)
 A = Elapsed time spent in this place.
 B = Non-inter-level travel time spent in this place.
 C = Inter-level travel time spent in this place.
 D = Time resting spent in this place.
 E = Time spent auto-exploring this place.
 F = Levels seen in this place.
 G = Mean time per level.
                   A        B        C        D        E       F      G
               +--------+--------+--------+--------+--------+-----+--------+
         Total |   1097 |   1086 |     11 |      0 |    914 |   2 |  548.5 |
       Dungeon |   1097 |   1086 |     11 |      0 |    914 |   2 |  548.5 |
               +--------+--------+--------+--------+--------+-----+--------+

Top non-repeatable levels by time:
     D:1: 830 daAuts
     D:2: 266 daAuts
